Map: Prion Terraces

Players

Tenoch - Winner!

  • Race: Zerg Zerg
  • League: Gold

TuuSAmo

  • Race: Zerg Zerg
  • League: Bronze

VOD

Have the link to the VOD?

Description

Time

  • Played on: Dec. 3, 2015, 8:06 p.m.
  • Length: 4:42
Show
View Real Time Build Order
Export as new Build Order

Tenoch Zerg - Winner!

Build Orders: Hatch First, Zergling Baneling 

Get SALT Encoding   

  12  0:01  Drone  
  13  0:08  Drone  
  14  0:17  Overlord  
  14  0:22  Extractor  
  14  0:23  Drone  
  15  0:35  Drone x2  
  17  0:54  Hatchery  
  17  0:56  Drone  
  17  0:59  Extractor  
  17  1:03  Drone  
  17  1:18  Spawning Pool  
  16  1:20  Drone  
  16  1:22  Drone  
  18  1:28  Drone  
  19  1:46  Drone  
  20  1:51  Overlord  
  20  2:04  Queen  
  20  2:05  Metabolic Boost  
  22  2:08  Queen  
  22  2:14  Zergling x4  
  26  2:17  Drone  
  26  2:21  Drone  
  28  2:24  Drone  
  29  2:45  Drone x3, Baneling Nest  
  29  2:46  Drone, Extractor  
  29  2:50  Overlord  
  31  2:53  Drone  
  32  3:01  Drone  
  32  3:03  Evolution Chamber  
  32  3:06  Overlord  
  32  3:21  Overlord  
  32  3:22  Drone  
  32  3:23  Drone  
  32  3:24  Drone, Zergling x2  
  32  3:25  Zergling x4  
  38  3:28  Baneling  
  38  3:29  Baneling  
  38  3:55  Zergling x2  
  38  3:56  Zergling x16  
  38  4:00  Baneling  
  38  4:01  Baneling x5  
  45  4:03  Zergling x4  
  47  4:14  Spine Crawler  
Show
View Real Time Build Order
Export as new Build Order

TuuSAmo Zerg 

Build Orders: Pool First 

Get SALT Encoding   

  12  0:02  Drone  
  13  0:08  Drone  
  14  0:27  Spawning Pool  
  13  0:30  Drone  
  14  0:55  Hatchery  
  13  1:03  Drone  
  13  1:04  Extractor  
  13  1:06  Drone  
  14  1:11  Overlord  
  14  1:34  Zergling x2  
  14  1:39  Drone x2  
  17  1:53  Drone  
  18  2:14  Metabolic Boost  
  18  2:28  Drone  
  18  2:29  Drone x2  
  21  2:30  Drone x3  
  21  2:31  Queen  
  26  2:42  Zergling x2  
  26  2:43  Zergling x2  
  28  2:54  Extractor  
  28  2:56  Drone, Baneling Nest  
  28  2:58  Drone  
  28  3:06  Overlord  
  28  3:16  Overlord  
  28  3:23  Queen  
  30  3:29  Lair  
  30  3:36  Drone x3  
  30  3:41  Baneling x3  
  33  3:43  Zergling x2  
  34  3:50  Drone  
  34  3:55  Zergling x8  
  36  3:59  Queen  
  39  4:10  Zergling x8  
  43  4:18  Spine Crawler  
Tags
 
Add a new tag
Caveats
  • Supply blocks, unpowered buildings, or Contaminate may cause inaccurate times.
  • Supply counts are checked every 10 seconds.